Map: Hardwire LE

Players

Nina - Winner!

  • Race: Protoss Protoss
  • League: Grandmaster

Kelazhur

  • Race: Terran Terran

Event: DreamHack SC2 Masters Last Chance 2022

VOD

Have the link to the VOD?

Description

Time

  • Played on: Dec. 19, 2021, 7:37 p.m.
  • Length: 19:38

All games in this series

Show
View Real Time Build Order
Export as new Build Order

Nina Protoss - Winner!

Build Orders: 1 Gate Expand, Colossus Rush 

Get SALT Encoding   

  12  0:01  Probe  
  13  0:13  Probe  
  14  0:20  Pylon  
  14  0:25  Probe  
  15  0:38  Probe (Chrono Boost)  
  15  0:39  Gateway  
  16  0:47  Probe (Chrono Boost)  
  17  0:50  Assimilator  
  17  0:52  Probe (Chrono Boost)  
  18  1:04  Probe  
  19  1:16  Probe  
  20  1:26  Cybernetics Core  
  20  1:32  Nexus  
  20  1:40  Pylon  
  20  1:50  Probe  
  21  1:55  Assimilator  
  21  2:00  Stalker (Chrono Boost)  
  21  2:05  Pylon  
  21  2:07  Probe  
  24  2:22  Probe  
  23  2:23  Stalker (Chrono Boost)  
  23  2:29  Warp Gate  
  24  2:37  Probe  
  24  2:39  Shield Battery  
  25  2:49  Probe  
  25  2:50  Stalker (Chrono Boost)  
  26  2:53  Probe  
  29  3:01  Probe  
  29  3:05  Probe (Chrono Boost)  
  31  3:13  Robotics Facility  
  31  3:17  Probe (Chrono Boost)  
  31  3:18  Probe (Chrono Boost)  
  33  3:25  Gateway  
  34  3:29  Probe x2 (Chrono Boost)  
  35  3:37  Probe (Chrono Boost)  
  35  3:40  Probe (Chrono Boost)  
  37  3:42  Probe (Chrono Boost), Pylon  
  37  3:46  Probe  
  39  3:52  Probe  
  40  3:58  Probe  
  40  3:59  Assimilator  
  40  4:02  Observer (Chrono Boost)  
  42  4:04  Probe  
  42  4:06  Robotics Bay  
  43  4:11  Probe  
  43  4:15  Observer (Chrono Boost)  
  43  4:16  Probe  
  45  4:17  Pylon  
  45  4:18  Stalker  
  45  4:23  Probe  
  49  4:24  Stalker  
  49  4:28  Probe  
  52  4:35  Probe  
  50  4:40  Probe  
  50  4:42  Warp Prism (Chrono Boost)  
  50  4:47  Probe  
  54  4:52  Probe  
  54  4:55  Gravitic Drive  
  54  4:59  Probe  
  55  5:02  Pylon  
  56  5:07  Observer  
  56  5:09  Pylon  
  56  5:10  Stalker  
  57  5:15  Probe  
  57  5:16  Colossus (Chrono Boost)  
  64  5:22  Sentry  
  64  5:23  Probe  
  64  5:26  Pylon  
  67  5:36  Twilight Council  
  67  5:37  Probe  
  67  5:41  Assimilator  
  68  5:43  Pylon  
  68  5:51  Gateway x2, Probe  
  68  5:54  Probe  
  70  5:58  Disruptor (Chrono Boost)  
  70  6:01  Zealot  
  70  6:02  Zealot  
  77  6:05  Extended Thermal Lance  
  77  6:17  Charge  
  77  6:21  Nexus  
  77  6:30  Colossus (Chrono Boost), Pylon  
  83  6:43  Zealot  
  83  6:44  Zealot  
  83  6:45  Probe  
  88  6:47  Probe  
  88  6:48  Stalker  
  86  6:57  Probe  
  86  6:59  Zealot  
  86  7:00  Probe  
  90  7:04  Stalker x2  
  94  7:09  Probe  
  94  7:12  Probe  
  94  7:15  Stalker  
  98  7:18  Gateway  
  98  7:25  Probe  
  98  7:28  Probe  
  100  7:30  Observer (Chrono Boost)  
  100  7:33  Pylon  
  101  7:38  Probe, Forge  
  101  7:39  Forge  
  101  7:40  Probe  
  103  7:47  Observer, Pylon  
  103  7:50  Probe  
  104  7:52  Probe, Pylon  
  104  7:53  Probe  
  104  7:57  Blink  
  106  8:01  Shield Battery  
  106  8:02  Probe  
  106  8:04  Gateway  
  106  8:05  Probe  
  108  8:09  Disruptor  
  111  8:14  Zealot x2  
  111  8:17  Probe  
  111  8:19  Probe, Shield Battery  
  117  8:39  Zealot x4  
  117  8:40  Zealot  
  125  8:41  Protoss Ground Armor Level 1 (Chrono Boost)  
  125  8:42  Protoss Ground Weapons Level 1 (Chrono Boost)  
  125  8:43  Gateway  
  125  8:46  Gateway  
  125  8:49  Probe x2  
  125  8:52  Probe  
  128  9:01  Probe x2  
  130  9:04  Probe, Templar Archives  
  130  9:06  Assimilator  
  130  9:07  Zealot x5  
  130  9:08  Observer  
  129  9:27  Gateway  
  129  9:31  Zealot x6  
  126  9:49  Stalker x2  
  126  9:52  Stalker x3  
  132  9:58  Colossus (Chrono Boost)  
  132  10:06  Zealot  
  140  10:11  Stalker x2  
  140  10:13  Stalker  
  140  10:14  Stalker, Nexus  
  133  10:17  Zealot  
  133  10:19  Zealot x2  
  130  10:27  Probe x2  
  130  10:28  Probe  
  131  10:30  Assimilator, High Templar x2  
  135  10:37  Archon, High Templar x2  
  135  10:39  High Templar  
  135  10:40  Pylon  
  135  10:42  Protoss Ground Armor Level 2 (Chrono Boost), Pylon  
  141  10:44  Pylon  
  141  10:48  Archon, Pylon  
  141  10:54  Protoss Ground Weapons Level 2 (Chrono Boost)  
  141  10:57  Pylon  
  141  10:58  Probe, Disruptor  
  141  10:59  Probe x2  
  147  11:05  Stalker  
  147  11:07  Stalker  
  147  11:11  Probe  
  152  11:13  Zealot x4  
  152  11:15  Assimilator, Probe  
  152  11:17  High Templar  
  163  11:19  Probe  
  163  11:20  Assimilator  
  163  11:22  Archon  
  163  11:23  Probe  
  164  11:26  Probe  
  164  11:27  Probe  
  164  11:29  Robotics Facility  
  164  11:31  Probe  
  167  11:33  Disruptor (Chrono Boost)  
  167  11:34  Sentry  
  167  11:36  Zealot x3  
  167  11:37  Zealot  
  180  11:42  Probe  
  180  11:44  Probe  
  180  11:47  Shield Battery  
  182  11:49  Photon Cannon  
  182  11:53  Zealot  
  174  11:54  Probe  
  174  11:57  Stalker  
  177  12:02  Stalker  
  177  12:04  Pylon  
  179  12:08  Disruptor  
  179  12:11  Probe  
  183  12:19  Disruptor  
  186  12:23  Probe  
  186  12:25  Nexus  
  186  12:26  Pylon  
  186  12:27  Pylon  
  187  12:33  Probe  
  184  12:41  Zealot  
  184  12:42  Zealot x7  
  192  12:45  Disruptor  
  192  12:49  Stalker  
  185  12:52  Shield Battery  
  185  12:54  Probe  
  185  12:57  Photon Cannon  
  186  13:02  Stalker x3  
  192  13:08  Stalker x2  
  178  13:21  Protoss Ground Armor Level 3 (Chrono Boost)  
  178  13:23  Zealot x3  
  178  13:24  Zealot  
  178  13:26  Disruptor x2  
  186  13:27  Protoss Ground Weapons Level 3 (Chrono Boost)  
  176  13:37  Zealot x5  
  176  13:39  Probe  
  187  13:41  Probe  
  158  14:01  Disruptor  
  154  14:03  Disruptor  
  154  14:06  Zealot x6  
  147  14:23  Probe  
  129  14:26  Stalker x3  
  129  14:28  Probe  
  136  14:31  Assimilator x2, Probe  
  136  14:33  High Templar x4  
  136  14:37  Archon, Disruptor  
  136  14:38  Archon  
  148  14:40  Gateway  
  148  14:41  Gateway, High Templar x2  
  148  14:43  Probe  
  148  14:44  Probe  
  160  14:45  Colossus (Chrono Boost)  
  160  14:46  Archon  
  160  14:49  Observer, High Templar  
  160  14:50  Zealot, High Templar  
  166  14:55  Archon  
  166  15:00  Observer  
  166  15:06  Zealot x3  
  166  15:07  Zealot, Nexus  
  174  15:13  Observer (Chrono Boost)  
  175  15:18  Probe  
  176  15:21  Pylon  
  176  15:23  Pylon  
  176  15:25  Zealot x5  
  176  15:27  Colossus (Chrono Boost)  
  192  15:33  Observer  
  189  15:37  Stalker x5  
  189  15:38  Zealot  
  179  15:47  Zealot x4  
  179  15:49  Zealot  
  185  15:57  Shield Battery  
  185  15:59  Photon Cannon  
  185  16:01  Photon Cannon  
  185  16:04  Colossus  
  185  16:05  Protoss Shields Level 1 (Chrono Boost)  
  185  16:06  High Templar x2  
  185  16:07  High Templar x2  
  199  16:11  Archon x2  
  199  16:15  Pylon  
  199  16:24  Pylon  
  199  16:27  Nexus  
  199  16:33  Photon Cannon  
  199  16:39  Gravitic Boosters  
  198  16:40  Assimilator  
  198  16:41  Assimilator  
  193  16:59  Disruptor  
  150  17:10  Stalker, Zealot x7  
  150  17:11  Zealot x3  
  150  17:15  Gateway, Pylon  
  170  17:16  Gateway  
  170  17:17  Pylon  
  170  17:20  Gateway  
  170  17:22  Gateway  
  166  17:23  Dark Shrine  
  166  17:28  Colossus, Nexus  
  166  17:29  Colossus, Zealot x3  
  178  17:30  Zealot  
  178  17:34  Observer, Pylon  
  178  17:36  Pylon  
  172  17:47  Zealot x6  
  172  17:48  Zealot x5  
  185  17:54  Shield Battery  
  185  17:55  Photon Cannon  
  185  17:57  Photon Cannon  
  185  18:08  Zealot x7  
  161  18:22  Disruptor  
  161  18:23  Disruptor  
  161  18:25  Zealot  
  161  18:26  Zealot x7  
  173  18:29  Stalker x3  
  173  18:30  Stalker  
  177  18:37  Dark Templar  
  177  18:40  Dark Templar  
  179  18:47  High Templar x5  
  179  18:48  High Templar x2  
  193  18:52  Archon x3  
  187  18:57  Disruptor  
  187  19:00  Zealot x4  
  187  19:01  Zealot  
  199  19:03  Probe  
  186  19:20  Zealot x7  
Show
View Real Time Build Order
Export as new Build Order

Kelazhur Terran 

Build Orders:  

Get SALT Encoding   

  12  0:00  SCV  
  13  0:12  SCV  
  14  0:17  Supply Depot  
  14  0:24  SCV  
  15  0:39  SCV  
  15  0:40  Barracks  
  16  0:45  Refinery  
  16  0:51  SCV  
  16  0:55  Refinery  
  17  1:03  SCV  
  18  1:15  SCV  
  19  1:27  Reaper, Orbital Command  
  20  1:37  Supply Depot  
  20  1:54  Factory  
  20  1:57  SCV, Bunker  
  20  1:59  Reaper  
  22  2:10  SCV  
  23  2:22  SCV  
  24  2:34  SCV  
  25  2:43  Widow Mine  
  27  2:45  Starport  
  27  2:50  SCV  
  28  2:51  Command Center  
  28  2:54  Supply Depot  
  28  3:02  SCV  
  28  3:04  Widow Mine  
  31  3:16  SCV  
  32  3:22  Medivac, Barracks  
  32  3:26  Widow Mine  
  36  3:29  SCV  
  36  3:31  Barracks  
  37  3:41  SCV  
  38  3:44  Bunker  
  38  3:48  Supply Depot  
  38  3:53  Factory Tech Lab  
  38  3:56  SCV  
  38  3:59  Barracks Reactor  
  38  4:00  Starport Tech Lab  
  39  4:03  Orbital Command  
  39  4:08  SCV  
  40  4:10  Barracks Tech Lab  
  40  4:13  Siege Tank  
  43  4:21  SCV  
  44  4:25  Engineering Bay  
  44  4:26  Refinery  
  44  4:31  SCV  
  45  4:33  SCV  
  46  4:40  Marauder x2, Marine  
  46  4:43  SCV  
  46  4:44  Stimpack  
  48  4:46  Marine  
  48  4:51  Siege Tank  
  52  4:53  SCV  
  52  4:55  SCV  
  52  4:59  Marine  
  55  5:02  Marauder  
  55  5:03  Marauder  
  55  5:05  SCV, Marine  
  61  5:07  Combat Shield  
  61  5:14  Supply Depot  
  61  5:17  Supply Depot, SCV  
  62  5:35  SCV, Siege Tank, Marine x2  
  62  5:36  Marauder  
  62  5:37  Starport Reactor  
  62  5:38  SCV, Refinery  
  62  5:39  Marauder  
  62  5:42  Supply Depot  
  73  5:47  Terran Infantry Weapons Level 1  
  73  5:48  SCV  
  74  5:50  SCV  
  74  5:54  Marine x2  
  77  6:00  SCV  
  77  6:01  Supply Depot  
  77  6:03  SCV  
  77  6:04  Marauder x2  
  83  6:05  Supply Depot  
  83  6:13  Marine x2  
  83  6:16  Supply Depot  
  85  6:19  SCV  
  85  6:23  Medivac x2, SCV  
  91  6:31  SCV  
  90  6:34  Marauder x2  
  90  6:35  SCV  
  93  6:44  SCV  
  90  6:47  SCV  
  90  6:53  Marine x2  
  89  6:56  Marauder, SCV  
  89  6:59  Medivac x2  
  89  7:01  Marauder  
  99  7:04  Supply Depot, Siege Tank  
  99  7:05  SCV  
  99  7:08  SCV  
  103  7:10  Concussive Shells  
  103  7:12  Marine x2  
  105  7:20  SCV  
  96  7:32  Marine  
  96  7:33  Marauder x2, Viking x2, Marine  
  96  7:37  Siege Tank  
  107  7:44  Terran Infantry Armor Level 1  
  104  8:01  Marauder x2, Marine x2  
  104  8:02  Command Center  
  104  8:05  SCV x2  
  112  8:06  Medivac  
  112  8:12  Supply Depot  
  114  8:13  Supply Depot, Armory  
  114  8:17  SCV  
  114  8:18  Marine  
  116  8:20  Supply Depot  
  116  8:22  Marauder  
  118  8:33  Siege Tank  
  118  8:41  Marauder  
  114  8:43  Marine x2  
  114  8:46  SCV x2  
  118  8:49  Marauder, Barracks x2  
  120  8:58  SCV x2  
  122  9:03  Marine x2  
  122  9:04  Marauder  
  126  9:10  SCV x2  
  126  9:11  Marauder  
  121  9:23  Siege Tank  
  125  9:24  Marine x2  
  125  9:25  Marauder  
  125  9:30  Orbital Command  
  125  9:31  SCV x2  
  130  9:34  Marauder  
  130  9:38  Terran Infantry Weapons Level 2  
  132  9:43  SCV x2  
  119  9:48  Marine x2  
  119  9:49  Marauder  
  111  9:55  SCV, Siege Tank  
  111  9:59  SCV  
  116  10:10  Marauder, SCV  
  117  10:15  Marauder  
  117  10:21  Marine x2  
  115  10:27  Siege Tank  
  115  10:28  Medivac x2  
  115  10:30  Refinery  
  115  10:31  Marauder, Refinery  
  117  10:36  Marauder, Barracks Tech Lab, Barracks Reactor  
  117  10:37  Sensor Tower  
  117  10:40  SCV x2  
  117  10:41  Command Center  
  117  10:42  Missile Turret x2, Marine, Supply Depot  
  122  10:50  Marine  
  122  10:53  Marauder  
  125  10:57  Marine  
  125  11:01  Missile Turret  
  126  11:06  Supply Depot  
  126  11:07  Marauder, Marine  
  126  11:08  Marine  
  126  11:09  Siege Tank  
  133  11:14  Marauder  
  133  11:15  Medivac  
  133  11:16  Medivac  
  133  11:17  Supply Depot  
  133  11:18  Supply Depot  
  139  11:19  Marauder, Marine x2  
  139  11:25  Marine  
  144  11:34  Marauder, Terran Vehicle Weapons Level 1, Marine  
  144  11:36  Marauder  
  144  11:37  Marine  
  144  11:38  Missile Turret  
  150  11:41  Marauder, Siege Tank  
  150  11:42  Marine  
  150  11:43  Marine  
  150  11:45  Medivac x2  
  161  11:56  Marauder  
  161  11:58  Ghost Academy  
  162  12:02  Marauder, Marine x4  
  168  12:10  Marauder  
  168  12:13  Siege Tank  
  172  12:15  Medivac x2  
  172  12:21  Marauder  
  178  12:24  Marauder, Terran Infantry Weapons Level 3, Marine  
  178  12:27  Marine x3  
  180  12:40  Planetary Fortress  
  180  12:42  Enhanced Shockwaves  
  174  12:45  Siege Tank  
  177  12:51  Viking  
  177  12:52  Viking  
  177  12:53  Marine x4  
  177  12:57  Refinery  
  177  12:58  SCV x3  
  188  12:59  Missile Turret, Refinery  
  188  13:07  Marine  
  188  13:08  Marauder x2  
  188  13:11  Marine x2  
  182  13:24  Marine x2  
  182  13:26  Marauder, Siege Tank  
  186  13:29  Marauder x2  
  186  13:34  Marine  
  174  13:37  Viking x2  
  170  13:43  Marine x2  
  170  13:47  Marauder  
  174  13:50  Marauder x2  
  138  14:03  Marine  
  138  14:04  Marine x3  
  138  14:06  Siege Tank  
  138  14:08  Marauder  
  133  14:12  Marauder x2  
  126  14:21  Marine x2  
  119  14:26  Marine x2  
  119  14:30  Marauder  
  119  14:31  SCV x4, Barracks  
  126  14:32  Barracks  
  126  14:33  Marauder x2, Barracks  
  126  14:36  Command Center  
  131  14:38  Siege Tank  
  131  14:40  Marine  
  131  14:43  SCV x3  
  138  14:50  Marine x3  
  138  14:51  Marauder  
  138  14:52  Terran Vehicle Weapons Level 2  
  143  14:53  Personal Cloaking  
  143  14:54  Marauder, Marine  
  143  14:56  Medivac x2  
  150  15:03  Marine  
  151  15:08  Marine  
  151  15:12  Marauder, Ghost  
  151  15:13  Marine x2  
  151  15:14  Siege Tank  
  161  15:15  Ghost  
  163  15:31  Marine  
  163  15:33  Ghost  
  154  15:40  Marine x3  
  154  15:41  Marauder  
  154  15:42  Marine x2  
  141  15:44  Marauder  
  141  15:46  Siege Tank, Marine  
  144  15:53  Marine  
  144  15:55  Terran Infantry Armor Level 2  
  145  15:58  Marine x3  
  145  16:02  Marauder x2, Marine  
  145  16:03  Marine  
  154  16:04  Liberator x2, Factory, Marine  
  154  16:06  Marauder  
  163  16:11  Marine  
  163  16:15  Marine  
  163  16:16  Marine x2  
  163  16:18  Siege Tank  
  170  16:20  Sensor Tower  
  170  16:23  Barracks Tech Lab x2, Barracks Reactor  
  170  16:24  Marauder x2  
  174  16:27  Command Center  
  174  16:34  Marauder, Marine x2  
  178  16:41  Marine x3  
  178  16:45  Marauder x2  
  185  16:52  Orbital Command  
  183  17:01  Marauder  
  149  17:04  Marauder  
  149  17:05  Marauder, Marine x3  
  149  17:06  Siege Tank, Marine x4  
  149  17:08  Marauder  
  132  17:10  SCV  
  127  17:20  SCV  
  127  17:22  Marauder, Marine  
  130  17:23  Marine x2  
  130  17:24  Marine x2  
  130  17:25  Marauder  
  130  17:26  Marauder  
  130  17:27  Marauder  
  130  17:29  Marauder  
  143  17:31  Marine  
  144  17:38  Siege Tank  
  144  17:40  Marine  
  140  17:44  Marauder  
  140  17:46  Marauder  
  140  17:48  Planetary Fortress  
  140  17:49  Factory Tech Lab  
  142  17:52  Marine  
  142  17:55  SCV x2  
  145  18:07  Marine  
  145  18:08  Marauder x2, Marine x2  
  145  18:09  Marine  
  131  18:22  Marauder, Orbital Command  
  131  18:23  Marine x2  
  128  18:30  Siege Tank x2  
  128  18:31  Marine  
  128  18:32  Marauder  
  133  18:41  Sensor Tower  
  132  18:43  Marauder, SCV, Marine  
  132  18:45  Marine x7  
  140  18:49  Marine  
  140  18:53  Marauder  
  134  19:01  Marine  
  134  19:02  Siege Tank  
  138  19:03  Marauder x2  
  138  19:09  Ghost  
  137  19:15  Marine  
  123  19:19  Marine  

Tags
 
Add a new tag
Caveats
  • Supply blocks, unpowered buildings, or Contaminate may cause inaccurate times.
  • Supply counts are checked every 10 seconds.